 Dungeon Crawl Stone Soup version 0.17-a0-877-ga10078a (webtiles) character file.

275 namelastname112 the Sneak (level 6, -10/51 HPs)
             Began as a Draconian Assassin on Apr 30, 2015.
             Killed by divine providence
             ... invoked by an orc priest
              (11 damage)
             ... on level 3 of the Dungeon.
             The game lasted 00:05:13 (2403 turns).

namelastname112 the Sneak (Draconian Assassin)      Turns: 2403, Time: 00:05:14

Health: -10/51     AC:  7    Str: 14    XL:     6   Next: 3%
Magic:  6/6        EV: 12    Int: 11    God:
Gold:   88         SH:  0    Dex: 14    Spells: 0 memorised, 5 levels left

rFire  . . .     SeeInvis .     a - +2 dagger
rCold  . . .     Clarity  .     (armour unavailable)
rNeg   . . .     SustAb   .     h - +0 buckler (curse)
rPois  .         Gourm    .     (helmet restricted)
rElec  .         Spirit   .     c - +0 cloak
rCorr  .         Warding  .     (no gloves)
rMut   .         Stasis   .     (no boots)
MR     .....                    m - amulet of rage
Stlth  +.........               (no ring)
                                (no ring)

@: confused, invisible, not resistant to hostile enchantments, very unstealthy
A: unfitting armour, cold-blooded, AC +6
a: Evoke Berserk Rage


You were on level 3 of the Dungeon.
You were hungry.

You visited 1 branch of the dungeon, and saw 3 of its levels.

You collected 88 gold pieces.

Inventory:

Hand weapons
 a - a +2 dagger (weapon)
 b - a +0 blowgun
 p - a +0 great sword
 v - a +0 long sword
Missiles
 d - 17 poisoned needles
 e - 2 curare-tipped needles
 k - 5 javelins (quivered)
Armour
 c - a +0 cloak (worn)
 h - a cursed +0 buckler (worn)
 l - a +0 shield
Jewellery
 m - an amulet of rage (around neck)
 q - an uncursed amulet of guardian spirit
Scrolls
 i - a scroll of teleportation {unknown}
 j - 2 scrolls of identify {unknown}
 o - a scroll of enchant armour {unknown}
 t - a scroll of remove curse {unknown}
Potions
 w - a potion of degeneration {unknown}
Books
 u - a book of Control

   Spells                             Type                      Level
   a - Control Teleport               Charms/Translocation         4
   b - Control Undead                 Necromancy                   4
   c - Metabolic Englaciation         Hexes/Ice                    5
   d - Mass Confusion                 Hexes                        6
Comestibles
 f - a bread ration
 n - a meat ration
 r - a beef jerky
 x - 4 fruits


   Skills:
 + Level 3.4 Fighting
 - Level 0.4(1.3) Short Blades
 + Level 2.0(2.1) Long Blades
 - Level 1.7 Throwing
 + Level 2.8 Dodging
 + Level 4.5 Stealth
 + Level 2.3 Shields


You had 5 spell levels left.
You didn't know any spells.

Dungeon Overview and Level Annotations

Branches:
Dungeon (3/15)

Altars:


Innate Abilities, Weirdness & Mutations

Your plain brown scales are hard (AC +6).
Your body does not fit into most forms of armour.
You are cold-blooded and may be slowed by cold attacks.


Message History

The orc priest is almost dead.
The orc closely misses you.
You hear some strange, mumbled words.
You are confused.
The orc priest hits you but does no damage.
You hit the orc priest but do no damage.
The orc priest is almost dead.
The orc barely misses you. Something barely misses you.
You hit the orc priest but do no damage.
The orc priest is almost dead.
The orc priest invokes the aid of Beogh against you.
Something smites you!
* * * LOW HITPOINT WARNING * * *
The orc hits you but does no damage. Something hits you but does no damage.
Drink which item? (? for menu, Esc to quit)
It was a potion of invisibility.
You fade into invisibility!
The orc priest mumbles some strange prayers to Beogh against you.
Something smites you!
You die...

#..................
..##.#####.######..#
..##.# #..# .###.# #..# .#
#.# ###.# ###..### .# #.#
##.... o.....## .. ...
..... ......## ## #..
..#.#####{.....### ###
#.#.##..@o........
#)#.##.##o.....###.
#.#.##.##.!....(...
########)#.##.#####.#####?
#.......[.....# .#
...######.##########)#
#.()(......g.#
#(############ #(#


You could see an orc priest and an orc.

Vanquished Creatures
  Grinder (D:3)
  Robin (D:3)
  A gnoll (D:2)
  An adder (D:3)
  2 worms
  2 ball pythons
  7 goblins (D:3)
  6 hobgoblins
  9 jackals
  A kobold (D:1)
  2 bats (D:1)
  3 giant cockroaches
  A giant gecko (D:2)
  8 rats
45 creatures vanquished.

Notes
Turn   | Place    | Note
--------------------------------------------------------------
     0 | D:1      | namelastname112, the Draconian Assassin, began the quest for the Orb.
     0 | D:1      | Reached XP level 1. HP: 17/17 MP: 1/1
     8 | D:1      | Reached skill level 1 in Dodging
   689 | D:1      | Reached XP level 2. HP: 23/25 MP: 2/2
  1010 | D:2      | Reached skill level 1 in Shields
  1255 | D:3      | Noticed Grinder
  1268 | D:3      | Killed Grinder
  1268 | D:3      | Reached skill level 1 in Long Blades
  1268 | D:3      | Reached skill level 4 in Stealth
  1268 | D:3      | Reached XP level 3. HP: 16/31 MP: 1/3
  1268 | D:3      | Reached XP level 4. HP: 19/38 MP: 1/4
  1268 | D:3      | Reached XP level 5. HP: 22/45 MP: 1/5
  1679 | D:3      | Noticed Robin
  2078 | D:3      | Killed Robin
  2310 | D:2      | Reached XP level 6. HP: 46/51 MP: 6/6
  2402 | D:3      | HP: 1/51 [orc priest/divine providence (12)]
  2403 | D:3      | Killed from afar by an orc priest

Action                   |  1- 3 |  4- 6 || total
-------------------------+-------+-------++-------
Melee: Dagger            |    62 |    41 ||   103
       Long sword        |     3 |   103 ||   106
  Use: Potion            |     4 |     2 ||     6
 Stab: Sleeping          |     4 |     1 ||     5
       Distracted        |     1 |       ||     1
  Eat: Beef jerky        |     1 |       ||     1
       Chunk             |       |     3 ||     3
